[Event "45th FIDE Olympiad 2024"]
[Site "Budapest"]
[Date "2024.09.13"]
[Round "3.58"]
[White "Pelletier, Yannick"]
[Black "Sarana, Alexey"]
[Result "1/2-1/2"]
[ECO "E08"]
[WhiteElo "2526"]
[BlackElo "2713"]
[Annotator "TA"]
[PlyCount "120"]
[EventDate "2024.09.05"]
[EventType "team-tourn"]
[EventCountry "HUN"]
[SourceTitle "playchess.com"]
[Source "ChessBase"]
[SourceQuality "1"]
[WhiteTeam "Switzerland"]
[BlackTeam "Serbia"]
[WhiteTeamCountry "SUI"]
[BlackTeamCountry "SRB"]
[TimeControl "40/5400+30:1800+30"]

1. c4 e6 2. g3 d5 3. Bg2 Nf6 4. Nf3 Be7 5. d4 O-O 6. O-O c6 7. Qc2 b6 8. Rd1 Bb7 9. b3 Nbd7 10. Nc3 Ba6 {[%emt 0:04:49] E08: Closed Catalan: Main Line: 7 Qc2.} 11. Bf4 {[%emt 0:20:03] 11.Bb2 is the modern continuation.} dxc4 12. bxc4 Qc8 13. Qb3 $146 ({Predecessor:} 13. Ne5 Nxe5 14. dxe5 Nd7 15. Ne4 Qc7 16. Nf6+ Bxf6 17. exf6 e5 18. fxg7 Kxg7 19. Qf5 {1-0 Sivuk,V (2565)-Omelja,A (2478) Ghent op 43rd 2022 (6)}) 13... Rd8 14. e4 Ne8 15. e5 Rb8 16. a4 Nf8 17. Rac1 Rb7 18. Ne4 Rbd7 19. c5 bxc5 20. dxc5 Bc4 21. Qb1 Rxd1+ 22. Rxd1 Bd5 23. Nd6 Qd7 24. Rd4 a5 25. Rd2 Qa7 26. Rb2 Bxd6 27. cxd6 c5 28. Bd2 Qa8 29. Ne1 f6 30. f4 Nd7 31. Bc3 c4 (31... Bxg2 {keeps fighting.} 32. Nxg2 fxe5) 32. Bxd5 $18 Qxd5 33. Rb5 Qc6 34. Qa2 (34. Rxa5 $6 g6 35. Qb2 fxe5 $16) (34. Bxa5 Ra8 35. Qb2 Qc8 $18) 34... Qe4 35. Qf2 (35. Bxa5 Rc8 $18) 35... g5 36. Qf3 (36. Bxa5 Ra8 37. Qf3 Qxf3 38. Nxf3 gxf4 $16) (36. Rxa5 fxe5 37. fxe5 h6 $18) 36... Qxf3 37. Nxf3 gxf4 38. gxf4 Ng7 39. exf6 Nf5 40. Be5 c3 41. Rb7 $2 (41. Rxa5 c2 42. Bb2 Rb8 $11) (41. Bxc3 $18 {and the rest is easy.} Nxd6 42. Rg5+ (42. Rxa5 Ne4 $18) (42. Bxa5 Rc8 $18) 42... Kf8 43. Rxa5 (43. Bxa5 Rb8 $16)) 41... Nxd6 $16 42. Bxd6 Nxf6 {[%emt 0:00:03] [#]} 43. Ba3 $1 Rd1+ 44. Kf2 Ra1 45. Rb8+ Kg7 {[%emt 0:00:01] [#]} 46. Bf8+ $1 Kg6 47. Nd4 Rxa4 48. Ne2 (48. Nxe6 $6 Kf5 $18) 48... Rc4 49. Ba3 c2 ({Black should try} 49... Nd5) 50. Bc1 Nd5 51. Rf8 a4 52. Kf3 Nb4 53. Ke3 Na2 $1 54. Kd3 Nxc1+ 55. Nxc1 (55. Kxc4 $2 Nxe2 56. Kd3 c1=Q $19 (56... c1=B 57. Kxe2 Kg7 58. Ra8 $14)) 55... Kg7 56. Rf5 Rb4 (56... exf5 $11 57. Kxc4 Kg6) 57. Rg5+ $14 Kf6 58. Rg4 a3 59. Rh4 ({Don't play} 59. Kxc2 Rb2+ 60. Kc3 Rf2 $15) 59... Ra4 60. Na2 (60. Kxc2 a2 61. Nxa2 (61. Rh6+ $2 Kg7 $19) 61... Rxa2+ 62. Kd3 Kg6) 60... c1=Q 1/2-1/2

[Event "45th FIDE Olympiad 2024"]
[Site "Budapest"]
[Date "2024.09.13"]
[Round "3.58"]
[White "Pride, Avian"]
[Black "Abdellahi, Khaled Abdellahi"]
[Result "0-1"]
[ECO "D14"]
[WhiteElo "1743"]
[BlackElo "1894"]
[Annotator "NA RC"]
[PlyCount "158"]
[EventDate "2024.09.05"]
[EventType "team-tourn"]
[EventCountry "HUN"]
[SourceTitle "playchess.com"]
[Source "ChessBase"]
[SourceQuality "1"]
[WhiteTeam "Bahamas"]
[BlackTeam "Mauritania"]
[WhiteTeamCountry "BAH"]
[BlackTeamCountry "MAU"]
[TimeControl "40/5400+30:1800+30"]

1. d4 d5 2. c4 c6 3. cxd5 cxd5 4. Nc3 Nc6 5. Nf3 Nf6 6. Bf4 Bf5 7. e3 e6 8. Bb5 Bd6 9. Bxd6 Qxd6 10. O-O O-O 11. a3 h6 12. h3 Rac8 13. Rc1 a6 14. Bd3 Bxd3 15. Qxd3 Na5 16. Nd2 Qd7 17. Ne2 b5 18. b4 Nc4 19. Nb3 Qa7 20. Nc5 Rfd8 21. f3 Nd7 22. Rfd1 Nb2 23. Qb3 Nxd1 24. Qxd1 Nxc5 25. bxc5 a5 26. Qb3 Rb8 27. e4 dxe4 28. fxe4 Rdc8 29. Nf4 b4 30. a4 e5 31. Nd3 exd4 32. Rf1 Qe7 33. Kh1 Qe6 34. Qd5 Rd8 35. Qxe6 fxe6 36. e5 b3 37. Rb1 b2 38. Kg1 Rb3 39. Nf2 Rc8 40. Ne4 Rc6 41. Kf2 Re3 42. Nd2 Rxe5 43. Rxb2 Rexc5 44. Ke2 Rc3 45. Rb5 Re3+ 46. Kd1 d3 47. Rxa5 Re2 48. Ra8+ Kh7 49. Rd8 Rxg2 50. Rxd3 Rc5 51. Re3 Rd5 52. Re2 Rxe2 53. Kxe2 Rd4 54. a5 Ra4 55. Nb3 Ra3 56. Nd4 Rxa5 57. Kf3 e5 58. Nc6 Ra3+ 59. Kg4 e4 60. Nd4 Kg6 61. Ne2 h5+ 62. Kf4 Kf6 63. Kxe4 Rxh3 64. Ng1 Rh1 65. Nf3 g5 66. Nd2 Rh3 67. Nf1 g4 68. Nd2 Ra3 69. Kf4 Ra4+ 70. Kg3 Kg5 71. Nf1 h4+ 72. Kg2 Ra2+ 73. Kh1 g3 74. Ne3 h3 75. Kg1 Re2 76. Ng2 Rxg2+ 77. Kf1 Rf2+ 78. Kg1 Kg4 79. Kh1 Rf1# 0-1

[Event "45th FIDE Olympiad 2024"]
[Site "Budapest"]
[Date "2024.09.13"]
[Round "3.59"]
[White "Indjic, Aleksandar"]
[Black "Peng, Li Min"]
[Result "1-0"]
[ECO "D41"]
[WhiteElo "2611"]
[BlackElo "2514"]
[Annotator "RC"]
[PlyCount "133"]
[EventDate "2024.09.05"]
[EventType "team-tourn"]
[EventCountry "HUN"]
[SourceTitle "playchess.com"]
[Source "ChessBase"]
[SourceQuality "1"]
[WhiteTeam "Serbia"]
[BlackTeam "Switzerland"]
[WhiteTeamCountry "SRB"]
[BlackTeamCountry "SUI"]
[TimeControl "40/5400+30:1800+30"]

1. c4 Nf6 2. Nc3 d5 3. cxd5 Nxd5 4. Nf3 e6 5. e4 Nxc3 6. bxc3 c5 7. Rb1 Nc6 8. d4 cxd4 9. cxd4 Bb4+ 10. Bd2 Bxd2+ 11. Qxd2 O-O 12. Bb5 Qd6 13. O-O Rd8 14. Rfd1 a6 15. Bxc6 Qxc6 16. Qa5 Bd7 17. d5 exd5 18. exd5 Qa4 19. Qb6 Bf5 20. Ra1 Qb5 21. Qd4 Rd6 22. a4 Qb6 23. g4 Qxd4 24. Rxd4 Bg6 25. Nh4 Rad8 26. Rad1 Bc2 27. Rc1 Bb3 28. Nf5 R6d7 29. Ne3 g6 30. g5 h5 31. gxh6 f5 32. Rb4 Bxd5 33. Nxd5 Rxd5 34. Rxb7 Rd1+ 35. Rxd1 Rxd1+ 36. Kg2 Rd4 37. a5 Ra4 38. Kg3 g5 39. Rg7+ Kh8 40. Rxg5 Rxa5 41. Rg6 Kh7 42. Rf6 Ra1 43. f3 Rg1+ 44. Kf4 Rh1 45. Rxa6 Rxh2 46. Kxf5 Rh5+ 47. Ke4 Rb5 48. f4 Rb1 49. f5 Re1+ 50. Kf4 Rf1+ 51. Kg5 Rg1+ 52. Kf6 Rf1 53. Ra8 Rb1 54. Re8 Rb2 55. Rd8 Ra2 56. Rd1 Ra3 57. Re1 Ra2 58. Re8 Ra1 59. Rd8 Ra2 60. Ke7 Re2+ 61. Kf7 Ra2 62. f6 Ra7+ 63. Ke6 Ra6+ 64. Ke7 Ra7+ 65. Rd7 Ra1 66. f7 Re1+ 67. Kd8 1-0

[Event "45th FIDE Olympiad 2024"]
[Site "Budapest"]
[Date "2024.09.13"]
[Round "3.59"]
[White "Cheikhna, Mohamed Lemine"]
[Black "Whyms, Chapell"]
[Result "1-0"]
[ECO "B10"]
[WhiteElo "1884"]
[BlackElo "1701"]
[Annotator "NA RC"]
[PlyCount "57"]
[EventDate "2024.09.05"]
[EventType "team-tourn"]
[EventCountry "HUN"]
[SourceTitle "playchess.com"]
[Source "ChessBase"]
[SourceQuality "1"]
[WhiteTeam "Mauritania"]
[BlackTeam "Bahamas"]
[WhiteTeamCountry "MAU"]
[BlackTeamCountry "BAH"]
[TimeControl "40/5400+30:1800+30"]

1. e4 c6 2. d3 d5 3. Nf3 dxe4 4. dxe4 Qxd1+ 5. Kxd1 Nf6 6. Nfd2 Ng4 7. Ke1 e5 8. Nb3 Be6 9. f3 Nf6 10. Be3 Nbd7 11. N1d2 a5 12. a4 Bb4 13. c3 Be7 14. Bc4 Bxc4 15. Nxc4 b6 16. Ke2 O-O 17. Rhd1 Rfd8 18. Rd2 b5 19. Ncxa5 Nb8 20. Rxd8+ Bxd8 21. Nb7 Be7 22. a5 Na6 23. N3c5 Bxc5 24. Nxc5 Nxc5 25. Bxc5 Nd7 26. Be3 Nb8 27. Rd1 Kf8 28. Rd8+ Ke7 29. Bb6 1-0

[Event "45th FIDE Olympiad 2024"]
[Site "Budapest"]
[Date "2024.09.13"]
[Round "3.60"]
[White "Georgiadis, Nico"]
[Black "Ivic, Velimir"]
[Result "1/2-1/2"]
[ECO "A20"]
[WhiteElo "2510"]
[BlackElo "2599"]
[Annotator "RC"]
[PlyCount "46"]
[EventDate "2024.09.05"]
[EventType "team-tourn"]
[EventCountry "HUN"]
[SourceTitle "playchess.com"]
[Source "ChessBase"]
[SourceQuality "1"]
[WhiteTeam "Switzerland"]
[BlackTeam "Serbia"]
[WhiteTeamCountry "SUI"]
[BlackTeamCountry "SRB"]
[TimeControl "40/5400+30:1800+30"]

1. c4 Nf6 2. g3 e5 3. Bg2 c6 4. Nf3 e4 5. Nd4 Qb6 6. Nb3 a5 7. d3 Bb4+ 8. Nc3 a4 9. Nd2 exd3 10. exd3 O-O 11. O-O Qa5 12. Qc2 d5 13. d4 Be6 14. c5 b6 15. cxb6 Nbd7 16. b7 Ra7 17. Ne2 Rxb7 18. a3 Be7 19. Nf4 c5 20. Nf3 Ne4 21. Nd2 Nef6 22. Nf3 Ne4 23. Nd2 Nef6 1/2-1/2

[Event "45th FIDE Olympiad 2024"]
[Site "Budapest"]
[Date "2024.09.13"]
[Round "3.60"]
[White "Skinner, Francis"]
[Black "Abdou, Ahmed Alem"]
[Result "0-1"]
[ECO "B15"]
[WhiteElo "1628"]
[BlackElo "1897"]
[Annotator "NA RC"]
[PlyCount "70"]
[EventDate "2024.09.05"]
[EventType "team-tourn"]
[EventCountry "HUN"]
[SourceTitle "playchess.com"]
[Source "ChessBase"]
[SourceQuality "1"]
[WhiteTeam "Bahamas"]
[BlackTeam "Mauritania"]
[WhiteTeamCountry "BAH"]
[BlackTeamCountry "MAU"]
[TimeControl "40/5400+30:1800+30"]

1. e4 c6 2. d4 d5 3. Nc3 dxe4 4. Nxe4 Nf6 5. Ng3 h5 6. h3 h4 7. N3e2 Bf5 8. Nf3 Ne4 9. c3 e6 10. Be3 Bd6 11. Nf4 Qc7 12. Nd3 Nd7 13. Qb3 a6 14. O-O-O b5 15. Nd2 a5 16. Nxe4 Bxe4 17. Qc2 a4 18. Qd2 O-O 19. f3 Bd5 20. Kb1 c5 21. dxc5 Nxc5 22. Nb4 Rfd8 23. Nxd5 exd5 24. Bg5 Rdb8 25. Qxd5 Bf8 26. Bxb5 Qb6 27. c4 Qg6+ 28. Kc1 Nb3+ 29. axb3 axb3 30. Kd2 Qc2+ 31. Ke3 Re8+ 32. Bxe8 Rxe8+ 33. Kf4 Qf2 34. Bxh4 Qxh4+ 35. g4 g6 0-1

[Event "45th FIDE Olympiad 2024"]
[Site "Budapest"]
[Date "2024.09.13"]
[Round "3.61"]
[White "Supi, Luis Paulo"]
[Black "Martirosyan, Haik M."]
[Result "1/2-1/2"]
[ECO "A20"]
[WhiteElo "2570"]
[BlackElo "2667"]
[Annotator "TA"]
[PlyCount "64"]
[EventDate "2024.09.05"]
[EventType "team-tourn"]
[EventCountry "HUN"]
[SourceTitle "playchess.com"]
[Source "ChessBase"]
[SourceQuality "1"]
[WhiteTeam "Brazil"]
[BlackTeam "Armenia"]
[WhiteTeamCountry "BRA"]
[BlackTeamCountry "ARM"]
[TimeControl "40/5400+30:1800+30"]

1. c4 e5 2. d3 Nc6 3. Nf3 Nf6 4. a3 d5 5. cxd5 Nxd5 6. e4 Nb6 7. Be2 Be7 8. Be3 O-O 9. Nbd2 a5 10. Rc1 Be6 11. h4 (11. Rxc6 $5 bxc6 12. Nxe5 $11) 11... a4 12. Ng5 Bc8 13. g3 Nd4 14. Bg4 f5 (14... Bxg4 {simplifies} 15. Qxg4 Nc6 16. Qe2 Qd7) 15. Bh3 (15. Bxd4 $11 fxg4 16. Bxe5) 15... h6 $17 16. Qh5 Qe8 (16... hxg5 $2 {loses.} 17. hxg5 Bxg5 18. Bxg5 $18) ({Black should try} 16... Ra5 $1 $15 17. Ngf3 Rb5 18. Nxd4 exd4) 17. Qxe8 $11 Rxe8 18. Ngf3 Nxf3+ 19. Nxf3 fxe4 20. dxe4 Bxh3 21. Rxh3 Bd6 22. h5 Nd7 {[%emt 0:01:27] The position is equal.} 23. g4 Nf6 24. g5 hxg5 25. Nxg5 Kf8 26. Bc5 Rac8 27. Bxd6+ cxd6 28. Rhc3 Rxc3 29. Rxc3 Nxh5 30. Rc7 Re7 31. Rc8+ Re8 32. Rc7 Re7 {[%emt 0:00:39] Weighted Error Value: White=0.09 (flawless) /Black=0.07 (flawless) .  Mistake:       	White=1     	Black=1      Inaccurate:     	White=1     	---        OK:         	White=9     	Black=14     Best:        	White=1     	Black=1} 1/2-1/2

[Event "45th FIDE Olympiad 2024"]
[Site "Budapest"]
[Date "2024.09.13"]
[Round "3.61"]
[White "Fancy, Stuart"]
[Black "Hamperl, Fred"]
[Result "1-0"]
[ECO "D01"]
[WhiteElo "1921"]
[BlackElo "1977"]
[Annotator "NA RC"]
[PlyCount "109"]
[EventDate "2024.09.05"]
[EventType "team-tourn"]
[EventCountry "HUN"]
[SourceTitle "playchess.com"]
[Source "ChessBase"]
[SourceQuality "1"]
[WhiteTeam "Papua New Guinea"]
[BlackTeam "Guernsey"]
[WhiteTeamCountry "PNG"]
[TimeControl "40/5400+30:1800+30"]

1. Nc3 d5 2. d4 Nf6 3. Bg5 Nbd7 4. Nf3 h6 5. Bf4 a6 6. g3 e6 7. Bg2 c5 8. dxc5 Bxc5 9. O-O O-O 10. a3 b5 11. b3 Bb7 12. Bc1 Rc8 13. Bb2 Qc7 14. e3 b4 15. axb4 Bxb4 16. Na2 Be7 17. Nd4 Ne4 18. Qe2 Rfe8 19. Rfc1 Nd6 20. Nf3 Bf6 21. Bxf6 Nxf6 22. Ne5 Nfe4 23. f3 Nc3 24. Nxc3 Qxc3 25. Nd3 e5 26. Qe1 Qxe1+ 27. Nxe1 Rc3 28. Bf1 Ra8 29. Kf2 e4 30. f4 Nb5 31. Bxb5 axb5 32. Rxa8+ Bxa8 33. Ra1 Rc8 34. Ra7 g5 35. Ke2 b4 36. fxg5 hxg5 37. h4 gxh4 38. gxh4 Bc6 39. Ng2 Rd8 40. Nf4 Bb5+ 41. Kd2 d4 42. Rb7 dxe3+ 43. Kxe3 Bc6 44. Rxb4 Kg7 45. Rb6 Rc8 46. c4 f5 47. b4 Be8 48. c5 Ra8 49. c6 Ra3+ 50. Kd4 Rf3 51. c7 Bd7 52. Rd6 Bc8 53. Rd8 Rxf4 54. Rxc8 e3+ 55. Kxe3 1-0

[Event "45th FIDE Olympiad 2024"]
[Site "Budapest"]
[Date "2024.09.13"]
[Round "3.62"]
[White "Sargsyan, Shant"]
[Black "Fier, Alexandr"]
[Result "1-0"]
[ECO "B47"]
[WhiteElo "2649"]
[BlackElo "2551"]
[Annotator "TA"]
[PlyCount "121"]
[EventDate "2024.09.05"]
[EventType "team-tourn"]
[EventCountry "HUN"]
[SourceTitle "playchess.com"]
[Source "ChessBase"]
[SourceQuality "1"]
[WhiteTeam "Armenia"]
[BlackTeam "Brazil"]
[WhiteTeamCountry "ARM"]
[BlackTeamCountry "BRA"]
[TimeControl "40/5400+30:1800+30"]

1. e4 c5 2. Nf3 e6 3. d4 cxd4 4. Nxd4 Nc6 5. Nc3 Qc7 6. Ncb5 {[%emt 0:00:06] B47: Sicilian: Taimanov: 5 Nc3 Qc7 6 f4, 6 g3 and 6 Be2.} Qb8 7. Bd3 a6 8. Nxc6 bxc6 9. Nd4 Ne7 10. O-O c5 11. Nf3 Ng6 $146 ({Predecessor:} 11... Bb7 12. c3 Ng6 13. Rb1 Be7 14. b4 O-O 15. a4 Qc7 16. Re1 d5 17. bxc5 dxe4 18. Rxb7 Qxb7 19. Bxe4 {½-½ Praggnanandhaa,R (2747)-Firouzja,A (2760) Candidates Tournament 2024 (8)}) 12. b3 Be7 13. Bb2 Bf6 14. Bxf6 gxf6 15. Qd2 Rg8 16. Rfe1 Bb7 17. Rad1 Bc6 18. Qe3 Ne5 19. Nxe5 Qxe5 20. g3 ({White should play} 20. Bf1 $16) 20... a5 (20... h5 $14) 21. a4 $16 Ke7 22. Bc4 Bb7 23. Bd5 Bxd5 24. Qxc5+ (24. exd5 Qxe3 25. Rxe3 Rac8 $11) 24... Qd6 25. Rxd5 (25. Qe3 $1 $18) 25... Qxc5 $16 26. Rxc5 Rgc8 27. Rxc8 Rxc8 28. Re2 Rc5 29. f4 Kd6 30. Kf2 Rc3 31. Ke1 Kc6 32. e5 f5 {[%emt 0:02:48] [#]} (32... fxe5 $16 33. Kd2 (33. fxe5 h5 $16) (33. Rxe5 Rxc2 34. Rh5 Rb2 $11) 33... Rf3) 33. Rf2 $1 $18 d5 34. exd6 Kxd6 35. Kd2 Rc8 36. Rf3 Rg8 37. Rd3+ Kc6 38. Kc3 f6 {[%emt 0:01:53] [#]} 39. Kc4 $1 Rc8 40. c3 Kb6+ 41. Kd4 Ra8 42. Re3 Rd8+ 43. Kc4 Rc8+ 44. Kd3 Rd8+ 45. Kc2 Re8 46. Rd3 Kc6 47. b4 axb4 (47... e5 $142 48. b5+ (48. bxa5 e4 $18) 48... Kc7) 48. cxb4 $18 e5 49. Rc3+ Kb7 50. a5 exf4 51. gxf4 Re4 52. Kb3 ({And not} 52. b5 Ra4 $11) 52... Rxf4 53. Rh3 Rf1 54. Ka4 (54. Rxh7+ Kc6 55. Rf7 Rb1+ 56. Kc3 Kd6 57. Rxf6+ Ke7 58. Rxf5 Rh1) 54... Kc6 55. Rc3+ (55. Rxh7 Ra1+ 56. Kb3 Kd6 $16) 55... Kb7 56. Kb5 Re1 57. a6+ Kb8 58. Kb6 Re8 59. b5 f4 60. a7+ Ka8 61. Ka6 1-0

[Event "45th FIDE Olympiad 2024"]
[Site "Budapest"]
[Date "2024.09.13"]
[Round "3.62"]
[White "Rowe, Peter"]
[Black "McCoy, Tom"]
[Result "0-1"]
[ECO "A43"]
[WhiteElo "1973"]
[BlackElo "1883"]
[Annotator "NA RC"]
[PlyCount "76"]
[EventDate "2024.09.05"]
[EventType "team-tourn"]
[EventCountry "HUN"]
[SourceTitle "playchess.com"]
[Source "ChessBase"]
[SourceQuality "1"]
[WhiteTeam "Guernsey"]
[BlackTeam "Papua New Guinea"]
[BlackTeamCountry "PNG"]
[TimeControl "40/5400+30:1800+30"]

1. d4 e6 2. Nf3 c5 3. c3 cxd4 4. cxd4 Nf6 5. Nc3 Nc6 6. e3 Be7 7. Bd3 a6 8. O-O O-O 9. Re1 d5 10. a3 b5 11. b4 Bb7 12. Bb2 Rc8 13. Qe2 Re8 14. Rad1 Qb6 15. e4 dxe4 16. Nxe4 Red8 17. Nc5 Rd6 18. Ne5 Rcd8 19. Nxb7 Qxb7 20. Qf3 Qa8 21. h3 Rd5 22. Be4 Nxe5 23. dxe5 Nxe4 24. Rxd5 exd5 25. e6 f6 26. Bd4 Qc6 27. Qg4 Qc4 28. Be3 Nc3 29. Qh5 g6 30. Qf3 Qe4 31. Qg3 Qxe6 32. f4 d4 33. f5 Qe5 34. Qf3 dxe3 35. Rxe3 Qd4 36. Kf1 Qd1+ 37. Qxd1 Rxd1+ 38. Kf2 Nd5 0-1

[Event "45th FIDE Olympiad 2024"]
[Site "Budapest"]
[Date "2024.09.13"]
[Round "3.63"]
[White "Quintiliano, Renato R."]
[Black "Sargissian, Gabriel"]
[Result "1/2-1/2"]
[ECO "E05"]
[WhiteElo "2499"]
[BlackElo "2646"]
[Annotator "TA"]
[PlyCount "69"]
[EventDate "2024.09.05"]
[EventType "team-tourn"]
[EventCountry "HUN"]
[SourceTitle "playchess.com"]
[Source "ChessBase"]
[SourceQuality "1"]
[WhiteTeam "Brazil"]
[BlackTeam "Armenia"]
[WhiteTeamCountry "BRA"]
[BlackTeamCountry "ARM"]
[TimeControl "40/5400+30:1800+30"]

1. d4 d5 2. c4 e6 3. Nf3 Nf6 4. g3 Be7 5. Bg2 O-O 6. O-O dxc4 7. Qc2 a6 8. a4 Bd7 9. Qxc4 Bc6 10. Bg5 Nbd7 11. Nc3 h6 12. Bxf6 Nxf6 13. a5 Qd6 14. Rfd1 {[%emt 0:01:51] The position is equal.} Rfd8 15. e3 Rab8 16. Qe2 Bf8 17. h4 Qe7 18. Bf1 Be8 19. e4 Rbc8 20. d5 e5 21. Bh3 Rb8 22. Nd2 c6 23. Nc4 {[%emt 0:04:48] [#] d6 would now be deadly.} Qc7 24. Qd3 {[%emt 0:12:28] Strongly threatening d6.} cxd5 25. exd5 Bb5 26. Nxb5 axb5 27. Ne3 Qc5 28. Bf1 b4 29. Qb3 Rbc8 30. a6 bxa6 31. Rxa6 Ne4 32. Bg2 Qb5 {[%emt 0:02:45] [#] And now ...Nc5 would win.} 33. Bf1 (33. Rc6 $14 Nd6 34. Bf1) 33... Qc5 ({Black should play} 33... Qd7 $11 34. Ra5 Nc5) 34. Bg2 Qb5 {[%emt 0:00:06] White must now prevent ...Nc5.} 35. Bf1 {[%emt 0:00:12] Weighted Error Value: White=0.11 (very precise) /Black=0.09 (flawless) .  Mistake:       	White=2     	Black=1      Inaccurate:     	---       	Black=2      OK:         	White=8     	Black=10} (35. Rc6 $14 Nd6 36. Bf1) 1/2-1/2

[Event "45th FIDE Olympiad 2024"]
[Site "Budapest"]
[Date "2024.09.13"]
[Round "3.63"]
[White "Jones, Rupert"]
[Black "Brookfield, Toby"]
[Result "0-1"]
[ECO "B26"]
[WhiteElo "1849"]
[BlackElo "1872"]
[Annotator "NA RC"]
[PlyCount "72"]
[EventDate "2024.09.05"]
[EventType "team-tourn"]
[EventCountry "HUN"]
[SourceTitle "playchess.com"]
[Source "ChessBase"]
[SourceQuality "1"]
[WhiteTeam "Papua New Guinea"]
[BlackTeam "Guernsey"]
[WhiteTeamCountry "PNG"]
[TimeControl "40/5400+30:1800+30"]

1. e4 c5 2. Nc3 d6 3. g3 Nc6 4. Bg2 g6 5. d3 Bg7 6. Be3 Rb8 7. Qd2 b5 8. Nge2 b4 9. Nd1 Qa5 10. O-O Ne5 11. f4 Ng4 12. Qc1 Nxe3 13. Nxe3 Qc7 14. c3 Nf6 15. Qc2 O-O 16. h3 Bd7 17. cxb4 Rxb4 18. a3 Ba4 19. Qd2 Rbb8 20. Rac1 e6 21. b4 Nd7 22. d4 Rfc8 23. dxc5 dxc5 24. e5 Bc6 25. Bxc6 Qxc6 26. Nc4 Rd8 27. Nd6 Qb6 28. b5 Nxe5 29. Qe3 Qxd6 30. fxe5 Qxe5 31. Qxe5 Bxe5 32. Rxc5 Bd6 33. Rc6 Rxb5 34. Ra6 Bc5+ 35. Kh1 Rb3 36. a4 Rd2 0-1

[Event "45th FIDE Olympiad 2024"]
[Site "Budapest"]
[Date "2024.09.13"]
[Round "3.64"]
[White "Grigoryan, Karen H."]
[Black "Di Berardino, Diego Rafael"]
[Result "1-0"]
[ECO "B90"]
[WhiteElo "2569"]
[BlackElo "2472"]
[Annotator "RC"]
[PlyCount "81"]
[EventDate "2024.09.05"]
[EventType "team-tourn"]
[EventCountry "HUN"]
[SourceTitle "playchess.com"]
[Source "ChessBase"]
[SourceQuality "1"]
[WhiteTeam "Armenia"]
[BlackTeam "Brazil"]
[WhiteTeamCountry "ARM"]
[BlackTeamCountry "BRA"]
[TimeControl "40/5400+30:1800+30"]

1. Nf3 c5 2. e4 d6 3. d4 cxd4 4. Nxd4 Nf6 5. Nc3 a6 6. Be3 e5 7. Nb3 Be7 8. h3 Be6 9. Qf3 Nbd7 10. O-O-O Rc8 11. Nd5 Bxd5 12. exd5 O-O 13. g4 Nb6 14. g5 Qc7 15. c3 Nfd7 16. Qg4 a5 17. Nxa5 Ra8 18. Qb4 Nc5 19. Kb1 Nbd7 20. Nb3 Ra4 21. Qb5 Rfa8 22. Nxc5 Nxc5 23. Bxc5 dxc5 24. d6 Bxd6 25. a3 c4 26. Bg2 R4a7 27. Kc2 g6 28. Rhe1 Qe7 29. f4 Qe6 30. Qd5 Qxd5 31. Rxd5 Bc7 32. Rd7 Rc8 33. fxe5 b5 34. Bd5 Rd8 35. e6 fxe6 36. Rxe6 Kf8 37. Ree7 Rxd7 38. Rxd7 Bb6 39. Rxa7 Bxa7 40. Bc6 Be3 41. Bxb5 1-0

[Event "45th FIDE Olympiad 2024"]
[Site "Budapest"]
[Date "2024.09.13"]
[Round "3.65"]
[White "Deac, Bogdan-Daniel"]
[Black "Grandelius, Nils"]
[Result "1/2-1/2"]
[ECO "D04"]
[WhiteElo "2680"]
[BlackElo "2653"]
[Annotator "TA"]
[PlyCount "53"]
[EventDate "2024.09.05"]
[EventType "team-tourn"]
[EventCountry "HUN"]
[SourceTitle "playchess.com"]
[Source "ChessBase"]
[SourceQuality "1"]
[WhiteTeam "Romania"]
[BlackTeam "Sweden"]
[WhiteTeamCountry "ROU"]
[BlackTeamCountry "SWE"]
[TimeControl "40/5400+30:1800+30"]

1. d4 d5 2. Nf3 c5 3. e3 Nf6 4. Be2 e6 5. Nbd2 Nc6 {The position is equal.} 6. c3 Qc7 7. Qc2 Be7 8. b3 cxd4 9. exd4 O-O 10. Bb2 e5 11. dxe5 Nxe5 12. Nxe5 Qxe5 13. Nf3 Qe4 14. Qxe4 dxe4 15. Nd4 Bc5 16. Rd1 Rd8 17. h3 Bxd4 18. Rxd4 Rxd4 19. cxd4 Be6 20. Kd2 Rc8 21. Re1 e3+ 22. fxe3 {[#] Hoping for Bd3.} Ne4+ 23. Kd1 Nf2+ 24. Kd2 {Bf3 would now be deadly.} Ne4+ 25. Kd1 Nf2+ 26. Kd2 Ne4+ 27. Kd1 {Not much happened in this game.   Weighted Error Value: White=0.02 (flawless) /Black=0.03 (flawless) .  OK:         	White=9     	Black=12} 1/2-1/2

[Event "45th FIDE Olympiad 2024"]
[Site "Budapest"]
[Date "2024.09.13"]
[Round "3.65"]
[White "De Mey, Juan Pablo"]
[Black "Kudakwashe, Chinake"]
[Result "1/2-1/2"]
[ECO "B12"]
[WhiteElo "1992"]
[BlackElo "1859"]
[Annotator "NA RC"]
[PlyCount "134"]
[EventDate "2024.09.05"]
[EventType "team-tourn"]
[EventCountry "HUN"]
[SourceTitle "playchess.com"]
[Source "ChessBase"]
[SourceQuality "1"]
[WhiteTeam "Aruba"]
[BlackTeam "Cayman Islands"]
[WhiteTeamCountry "ARN"]
[BlackTeamCountry "CAY"]
[TimeControl "40/5400+30:1800+30"]

1. e4 c6 2. d4 d5 3. e5 c5 4. dxc5 Nc6 5. a3 a5 6. Bb5 e6 7. Be3 Nge7 8. c3 Bd7 9. Bxc6 Bxc6 10. Bd4 a4 11. Ne2 Nf5 12. O-O Be7 13. Ng3 Nxd4 14. cxd4 b6 15. Qg4 g6 16. cxb6 h5 17. Qe2 h4 18. Rc1 Qxb6 19. Nf1 O-O 20. Qd2 Rab8 21. g3 Rfc8 22. Rc2 Kg7 23. Ne3 hxg3 24. hxg3 Rh8 25. Nc3 Rh5 26. Ng4 Rbh8 27. Rac1 Qb3 28. Kg2 Bg5 29. f4 Bd8 30. Nd1 Bb5 31. Ndf2 Bc4 32. Qe3 Qb5 33. Qf3 Bb6 34. Qe3 Ba5 35. Qf3 Rb8 36. Nf6 Rhh8 37. f5 exf5 38. g4 Rh4 39. gxf5 Rbh8 40. N6g4 gxf5 41. Qxf5 Bd8 42. e6 Qb7 43. exf7 Qe7 44. Rxc4 dxc4 45. Rxc4 Qb7+ 46. d5 Qxb2 47. Rc6 Kf8 48. Re6 Be7 49. Rc6 Qe2 50. Rc8+ Kg7 51. Rxh8 Rxg4+ 52. Qxg4+ Qxg4+ 53. Nxg4 Kxh8 54. Kf3 Bxa3 55. Ke2 Bb4 56. Kd1 Kg7 57. Ne5 Bc3 58. Nc4 Kxf7 59. Kc2 Bb4 60. Nb6 a3 61. Kb3 Bc5 62. Nc4 Ke7 63. Ka2 Bb4 64. Kb3 Bc5 65. Nxa3 Bxa3 66. Kxa3 Kd6 67. Kb3 Kxd5 1/2-1/2